 Dungeon Crawl Stone Soup version 0.31.0-1-g2c135a008e (webtiles) character file.

Game seed: 17198196103267702842

176 Colgate the Grave Robber (level 5, 0/24 HPs)
             Began as a Spriggan Necromancer on Jan 20, 2024.
             Was a Believer of Wu Jian.
             Slain by an iguana (12 damage)
             ... on level 4 of the Dungeon.
             The game lasted 00:10:11 (3566 turns).

Colgate the Grave Robber (Spriggan Necromancer)     Turns: 3566, Time: 00:10:11

Health: 0/24       AC:  4    Str:  4    XL:     5   Next: 30%
Magic:  3/10       EV: 17    Int: 18    God:    Wu Jian [**....]
Gold:   220        SH:  0    Dex: 16    Spells: 3/10 levels left

rFire   + . .        c - +0 dagger
rCold   . . .        (no shield)
rNeg    . . .        a - +0 robe
rPois   .            (helmet restricted)
rElec   .            k - +1 cloak
rCorr   .            (gloves unavailable)
SInv    +            (boots unavailable)
Will    .....        (no amulet)
Stlth   ++           m - ring of protection from fire
HPRegen 0.24/turn    (no ring)
MPRegen 0.12/turn

%: no passive effects
@: confusing by touch, very quick
A: very small, no large weapons, unfitting armour, see invisible, speed 3
a: Renounce Religion, Wall Jump


You were on level 4 of the Dungeon.
You worshipped Wu Jian.
Wu Jian was pleased with you.
You visited 1 branch of the dungeon, and saw 4 of its levels.

You collected 220 gold pieces.

Inventory:

Hand Weapons
 c - a +0 dagger (weapon)
Armour
 a - a +0 robe (worn)
 k - a +1 cloak (worn)
Jewellery
 m - a ring of protection from fire (left hand)
Scrolls
 d - 2 scrolls of blinking {@r4}
 g - a scroll of teleportation {unknown}
Potions
 b - a potion of magic
 e - a potion of lignification {unknown}
 f - 3 potions of heal wounds {@q2}
 h - 2 potions of brilliance
 i - a potion of attraction {unknown}
 j - a potion of berserk rage {unknown}
 l - a potion of haste {unknown}


   Skills:
 - Level 2.6 Dodging
 - Level 3.0 Stealth
 - Level 3.0 Spellcasting
 + Level 3.4 Hexes
 - Level 5.2 Necromancy


You had 3 spell levels left.
You knew the following spells:

 Your Spells              Type           Power      Damage    Failure   Level
a - Necrotise             Necr           84%        1d8       1%          1
b - Vampiric Draining     Necr           21%        2d7       6%          3
c - Confusing Touch       Hex            15%        N/A       12%         3

Your spell library contained the following spells:

 Spells                   Type           Power      Damage    Failure   Level
 Slow                     Hex            60%        N/A       4%          1
 Sigil of Binding         Hex            15%        N/A       12%         3
 Tukima's Dance           Hex            15%        N/A       12%         3
 Lesser Beckoning         Tloc           4%         N/A       24%         2
 Dazzling Flash           Conj/Hex       16%        N/A       24%         3
 Gell's Gravitas          Tloc           2%         N/A       43%         3
 Teleport Other           Tloc           2%         N/A       43%         3
 Volatile Blastmotes      Fire/Tloc      4%         2d10      43%         3
 Animate Dead             Necr           21%        N/A       19%         4
 Curse of Agony           Necr           21%        N/A       47%         5
 Passage of Golubria      Tloc           2%         N/A       85%         4
 Yara's Violent Unravell  Hex/Alch       4%         3d4       92%         5
 Starburst                Conj/Fire      1%         6d3       100%        6
 Maxwell's Capacitive Co  Air            1%         ∞         100%        8


Dungeon Overview and Level Annotations

Branches:
Dungeon (4/15)
 Temple: D:4-7

Altars:
Elyvilon
Wu Jian


Innate Abilities, Weirdness & Mutations

You are very small and have problems with some larger weapons.
You are too small for most types of armour.
You have supernaturally acute eyesight. (SInv)
You cover ground extremely quickly. (Speed+++)


Message History

You kill the quokka!
The Council accepts your kill.
The iguana writhes in agony.
The iguana writhes in agony!
The iguana writhes in agony.
The iguana writhes in agony.
You kill the iguana!
The Council accepts your kill.
The dead are walking!
Your Hexes skill increases to level 3!
No target in view!
Magic restored.
Your iguana skeleton crumbles into dust!
You see here a quokka corpse.
You now have 208 gold pieces (gained 10).
There is a stone staircase leading down here.
A goblin comes into view. It is wielding a +0 dagger.
Found a white marble altar of Elyvilon.
The goblin writhes in agony!
You kill the goblin!
The Council accepts your kill.
The dead are walking!
No target in view!
You now have 217 gold pieces (gained 9).
You now have 220 gold pieces (gained 3).
l - a yellow potion No target in view!
An iguana comes into view.
The iguana writhes in agony.
The iguana writhes in agony.
The iguana writhes in agony.
Your goblin skeleton completely misses the iguana.
The iguana writhes in agony.
Your goblin skeleton crumbles into dust!
Casting: Necrotise (safe; 1% risk of failure)
Your hands begin to glow red.
The iguana bites you.
You hit the iguana but do no damage. The iguana bites you!
You closely miss the iguana. The iguana bites you!
Ouch! That really hurt!
You die...

._.≈.
#..#........#
§§§≈
#.###.......#
## #.......#
##......#
#####..# #..#
## #..#
##..##..##
#....@...#
#....l...#
#........#
#.........#
#.........#
#.!......##
##......##
#......#


You could see an iguana.

Vanquished Creatures
  A bombardier beetle (D:3)
  Crazy Yiuf (D:2)
  An iguana (D:4)
  Robin (D:2)
  2 adders (D:3)
  A dart slug (D:1)
  2 ribbon worms (D:2)
  5 ball pythons
  4 bats
  6 endoplasms
  9 goblins
  3 hobgoblins
  3 jackals (D:1)
  A quokka (D:4)
  3 frilled lizards
  3 kobolds
  4 rats
50 creatures vanquished.

Vanquished Creatures (collateral kills)
  A goblin (D:2)
  A ball python (D:1)
2 creatures vanquished.

Grand Total: 52 creatures vanquished

Notes
Turn   | Place    | Note
-------+----------+-------------------------------------------
     0 | D:1      | Colgate the Spriggan Necromancer began the quest for the
                  | Orb.
     0 | D:1      | Reached XP level 1. HP: 9/9 MP: 5/5
    44 | D:1      | Found a faded altar of an unknown god.
    64 | D:1      | Prayed at the altar of an unknown god.
    64 | D:1      | Became a worshipper of the Wu Jian Council
    64 | D:1      | Reached * piety under Wu Jian
   139 | D:1      | Reached XP level 2. HP: 13/13 MP: 0/7
   262 | D:1      | Reached skill level 4 in Necromancy
  1062 | D:1      | Reached XP level 3. HP: 16/16 MP: 4/8
  1325 | D:2      | Learned a level 3 spell: Vampiric Draining
  1611 | D:2      | Noticed Robin
  1674 | D:2      | Reached ** piety under Wu Jian
  1743 | D:2      | Killed Robin
  2340 | D:2      | Found a runed translucent door.
  2341 | D:2      | Noticed Crazy Yiuf
  2360 | D:2      | Killed Crazy Yiuf
  2361 | D:2      | Reached skill level 5 in Necromancy
  2361 | D:2      | Reached XP level 4. HP: 21/21 MP: 4/9
  2563 | D:3      | Reached skill level 1 in Hexes
  2988 | D:3      | Reached XP level 5. HP: 24/24 MP: 4/10
  2992 | D:3      | Learned a level 3 spell: Confusing Touch
  3530 | D:4      | Found a white marble altar of Elyvilon.
  3566 | D:4      | Slain by an iguana

Illustrated notes

Levels and vault maps discovered:
D:1:      dpeg_arrival_water_temple_mockup, layout_basic,
          ebering_ecumenical_altar_abandoned, minmay_pentomino_z2
D:2:      layout_loops_ring, wander_ebering_terrifying_dragon_lair, uniq_robin,
          uniq_crazy_yiuf_cottage
D:3:      layout_basic
D:4:      layout_cave_pods, mainiacjoe_overflow_paths

Skill      XL: |  1  2  3  4  5 |
---------------+----------------+-----
Spellcasting   | 3 |  3.0
Necromancy     | 4 5 |  5.2
Hexes          | 2 3 |  3.4
Dodging        | |  2.6
Stealth        | |  3.0

Action                     |  1- 3 |  4- 6 || total
---------------------------+-------+-------++-------
  Melee: Dagger            |     2 |     4 ||     6
   Cast: Necrotise         |    97 |    34 ||   131
         Vampiric Draining |     1 |       ||     1
         Confusing Touch   |       |     1 ||     1
    Use: Scroll            |       |     3 ||     3
   Stab: Sleeping          |       |     1 ||     1
 Armour: Robe              |    10 |     4 ||    14
  Dodge: Dodged            |    23 |     6 ||    29
